 Dungeon Crawl Stone Soup version 0.16-a0-3972-g91ea21f (console) character file.

20057 MrRokkomies the Spear-Bearer (level 12, -3/109 HPs)
             Began as a Deep Dwarf Necromancer on Feb 9, 2015.
             Was the Champion of Makhleb.
             Slain by an eight-headed hydra (12 damage)
             ... on level 5 of the Lair of Beasts on Feb 11, 2015.
             The game lasted 01:53:05 (13925 turns).

MrRokkomies the Spear-Bearer (DDNe)                Turns: 13925, Time: 01:53:07

Health: -3/109     AC: 15    Str: 14 (16) XL:     12   Next: 42%
Magic:  10/25      EV: 10    Int: 17      God:    Makhleb [******]
Gold:   682        SH:  0    Dex: 15      Spells: 4 memorised, 5 levels left

rFire  . . .     SeeInvis +     a - +0 glaive (protect)
rCold  + . .     Clarity  +     v - +5 scale mail of Popliuza {Contam Slay+3 SInv}
rNeg   . . .     SustAb   .     (no shield)
rPois  +         Gourm    .     k - +0 hat
rElec  .         Spirit   .     (no cloak)
rCorr  .         Warding  .     (no gloves)
rMut   .         Stasis   .     H - +0 pair of boots
MR     +....                    (no amulet)
Stlth  +.........               B - ring of protection from cold
                                p - +2 ring of dexterity

@: non-regenerating, studying Fire Magic, somewhat resistant to hostile
enchantments, very unstealthy
A: damage resistance, recharge devices, claws 1, clarity, deformed body,
deterioration 1, sense surroundings 2, poison resistance, slow healing 3, placid
magic 1
a: Device Recharging, Minor Destruction, Lesser Servant of Makhleb, Major
Destruction, Greater Servant of Makhleb, Renounce Religion


You were on level 5 of the Lair of Beasts.
You worshipped Makhleb.
Makhleb was exalted by your worship.
You were very hungry.

You visited 2 branches of the dungeon, and saw 15 of its levels.

You collected 682 gold pieces.

Inventory:

Hand weapons
 a - a +0 glaive of protection (weapon)
 b - a +0 blowgun
 o - a +3 antimagic halberd
 q - a +0 hand crossbow
Missiles
 r - 4 curare-tipped needles
 w - 62 poisoned needles
 K - 7 javelins
 N - 3 tomahawks (quivered)
Armour
 k - a +0 hat (worn)
 v - the +5 scale mail of Popliuza (worn) {Contam Slay+3 SInv}
   (You found it on level 4 of the Dungeon)

   It affects your accuracy and damage with ranged weapons and melee attacks
   (+3).
   It enhances your eyesight.
   It causes magical contamination when unequipped.
 H - a +0 pair of boots (worn)
Jewellery
 p - a +2 ring of dexterity (left claw)
 B - a ring of protection from cold (right claw)
 F - an uncursed ring of fire
Magical devices
 c - a wand of heal wounds (2)
 t - a wand of disintegration (10)
 G - a wand of frost (19)
 O - a wand of enslavement (14)
 P - a wand of confusion (16)
Scrolls
 e - 9 scrolls of teleportation
 g - 4 scrolls of remove curse
 h - 2 scrolls of blinking
 y - a scroll of fog
 A - 2 scrolls of recharging
 C - 2 scrolls of magic mapping
 T - 2 scrolls of fear
Potions
 f - a potion of curing
 i - a potion of resistance
 j - 2 potions of haste
 m - a potion of brilliance
 n - 2 potions of might
 x - 4 potions of agility
 D - a potion of magic
 L - a potion of lignification
 M - a potion of flight {unknown}
 S - a potion of heal wounds {unknown}
Books
 s - a manual of Fire Magic
Comestibles
 d - 11 bread rations
 l - 11 beef jerkies
 z - 3 meat rations
 E - 10 royal jellies


   Skills:
 - Level 7.0 Fighting
 * Level 11.8 Polearms
 - Level 6.0 Armour
 - Level 2.1 Dodging
 - Level 2.4 Stealth
 * Level 4.6 Spellcasting
 + Level 5.8 Summonings
 - Level 8.6 Necromancy
 - Level 10.0 Invocations


You had 5 spell levels left.
You knew the following spells:

 Your Spells              Type           Power        Failure   Level  Hunger
b - Vampiric Draining     Necr           ###.......   2%          3    ###....
d - Recall                Summ/Tloc      N/A          36%         3    ###....
e - Animate Dead          Necr           N/A          9%          4    ####...
f - Fireball              Conj/Fire      #.........   100%        5    ######.


Dungeon Overview and Level Annotations

Branches:
Dungeon (10/15)            Temple (0/1) D:4            Lair (5/8) D:10
  Swamp: Lair:3-6    Shoals: Lair:3-6     Snake: Lair:3-6    Spider: Lair:3-6
    Orc: D:9-12

Altars:
Ashenzari
Cheibriados
Gozag
Makhleb
Okawaru
Vehumet
Zin
The Shining One

Shops:
D:5 ?


Innate Abilities, Weirdness & Mutations

You are resistant to damage.
You can recharge devices by infusing magical energy.
You passively map the area around you.
You do not heal naturally.
You have sharp fingernails.
You possess an exceptional clarity of mind.
Armour fits poorly on your strangely shaped body.
Your body is slowly deteriorating.
Your system is resistant to poisons.
Your spells are a little easier to cast, but a little less powerful.


Message History

* * * LOW HITPOINT WARNING * * *
The eight-headed hydra bites you!
* * * LOW HITPOINT WARNING * * *
The eight-headed hydra misses you.
Your green death closely misses the eight-headed hydra.
Casting: Vampiric Draining
Confirm with . or Enter, or press ? or * to list all spells.
Aiming: Vampiric Draining
Press: ? - help, Shift-Dir - straight line, f/p - eight-headed hydra
Aim: an eight-headed hydra (almost dead)
The eight-headed hydra is almost dead.
You feel life coursing into your body.
You are feeling very hungry.
The eight-headed hydra bites you.
The eight-headed hydra bites you but does no damage.
The eight-headed hydra bites you.
The eight-headed hydra closely misses you.
The eight-headed hydra bites you but does no damage.
The eight-headed hydra bites you!
You die...

....[., .... .., * ....[.
.....#., , *
............... *, * , *
...............*
..............# , ......
#......# .....P##......##
* .. , ,,
....P..........### ....
.....P...#...#...###....
,, .... ######2DP#...... ,
... , * #.@..##... ,, ..
...>. #P..##.....
........## ##...P....., ,
.........## ##......... ,
..........#####..........
,
...........P.#.#.........,
,
.........................
........................ ,
..............P.........
............####........ *
......#.....## #....... ,*
,


You could see an eight-headed hydra and a friendly green death.

Vanquished Creatures
  The ghost of catsarecewl the Martial Artist, an experienced OpMo of Sif Muna (D:10)
  The ghost of Herrn the Quickloader, an experienced GrHu of Okawaru (D:8)
  A hill giant (D:10)
  Pikel (D:4)
  A griffon (D:8)
  2 fire drakes
  7 spiny frogs
  A queen bee (Lair:4)
  2 trolls (D:10)
  A trapdoor spider zombie (D:8)
  4 blink frogs
  2 hungry ghosts (D:8)
  3 yaks
  Eustachio (D:10)
  5 hippogriffs
  Menkaure (D:4)
  6 wolves (Lair:3)
  9 water moccasins
  4 porcupines
  An ice beast (D:8)
  2 sky beasts
  An orc warrior (D:7)
  2 black bears (D:9)
  4 slaves (D:4)
  3 centaurs
  3 ogres
  3 big kobolds (D:10)
  5 crocodiles
  12 giant frogs
  A water moccasin zombie (D:6)
  A scorpion (D:4)
  13 killer bees
  A wyvern skeleton (D:10)
  5 wights
  A crimson imp (D:5)
  A lava snake (Lair:1)
  A centaur zombie (D:7)
  A goliath beetle (D:10)
  4 jellies
  2 centaur skeletons
  An orc priest (D:7)
  A giant frog skeleton (D:9)
  10 orc wizards
  3 hounds
  10 iguanas
  2 sheep (Lair:3)
  7 worker ants
  2 hound zombies
  11 gnolls
  29 river rats
  15 adders
  2 shadow imps
  2 worms
  An adder skeleton (D:4)
  6 giant geckos
  34 orcs
  A giant cockroach (D:6)
  12 goblins
  13 hobgoblins
  20 jackals
  A ball python (D:1)
  7 bats
  3 giant newts
  A giant spore (D:6)
  A jackal skeleton (D:4)
  A jackal zombie (D:7)
  30 kobolds
  9 quokkas
  A quokka zombie (D:9)
  14 rats
  3 ballistomycetes
  A plant (D:10)
374 creatures vanquished.

Vanquished Creatures (collateral kills)
  A hydra (Lair:3)
  An oklob plant (Lair:2)
  A black mamba (Lair:2)
  7 spiny frogs
  A gargoyle (D:10)
  3 komodo dragons
  4 blink frogs
  6 yaks
  A hippogriff (Lair:3)
  A water moccasin (Lair:4)
  A centaur (D:6)
  A sky beast (D:10)
  A necrophage (D:9)
  A black bear (Lair:2)
  An ogre (D:5)
  A giant frog (Lair:4)
  A crocodile (Lair:1)
  A phantom (D:9)
  A scorpion (Lair:4)
  2 wights (D:6)
  10 killer bees (Lair:4)
  A giant frog zombie (D:6)
  An iguana (D:4)
  A worker ant (D:6)
  2 sheep (Lair:2)
  18 river rats
  4 adders
  3 orcs
  2 bats
  A hobgoblin (D:8)
  A jackal (D:9)
  A kobold (D:3)
  6 quokkas
  2 giant cockroaches
  A giant gecko zombie (D:6)
  A goblin (D:4)
  A plant (D:10)
93 creatures vanquished.

Vanquished Creatures (others)
  2 spiny frog zombies (Lair:4)
  A spiny frog skeleton (Lair:2)
  4 blink frog zombies
  A blink frog skeleton (Lair:4)
  A yak zombie (Lair:3)
  A hippogriff zombie (Lair:2)
  4 water moccasin skeletons
  5 killer bee zombies (Lair:4)
  2 giant frog zombies (Lair:2)
  A centaur skeleton (D:6)
  4 giant frog skeletons
  2 ogre skeletons
  2 human skeletons (D:4)
  A crocodile skeleton (Lair:2)
  6 adder skeletons
  A sheep skeleton (Lair:3)
  A giant spore (D:8)
  A goblin skeleton (D:7)
  A hobgoblin skeleton (D:10)
  3 jackal skeletons (D:2)
  A kobold skeleton (D:2)
  16 orc skeletons
  A plant (Lair:2)
62 creatures vanquished.

Grand Total: 529 creatures vanquished

Notes
Turn   | Place    | Note
--------------------------------------------------------------
     0 | D:1      | MrRokkomies, the Deep Dwarf Necromancer, began the quest for the Orb.
     0 | D:1      | Reached XP level 1. HP: 15/15 MP: 2/2
   153 | D:1      | Reached XP level 2. HP: 19/24 MP: 1/3
   206 | D:1      | Reached skill level 1 in Fighting
   406 | D:1      | Reached skill level 5 in Necromancy
   592 | D:1      | Reached XP level 3. HP: 27/31 MP: 5/5
   608 | D:1      | Learned a level 3 spell: Vampiric Draining
   610 | D:1      | Learned a level 1 spell: Animate Skeleton
  1014 | D:2      | Upgraded the game from 0.16-a0-3946-g4f19e5c to 0.16-a0-3962-g290d66c
  1363 | D:3      | Reached XP level 4. HP: 26/39 MP: 2/6
  1470 | D:3      | Reached skill level 1 in Polearms
  1996 | D:3      | Found a burning altar of Makhleb.
  1998 | D:3      | Found a glowing silver altar of Zin.
  1998 | D:3      | Noticed an angel
  2016 | D:3      | Noticed a green death
  2021 | D:3      | Became a worshipper of Makhleb the Destroyer
  2189 | D:4      | Reached skill level 1 in Armour
  2189 | D:4      | Reached XP level 5. HP: 28/45 MP: 0/7
  2319 | D:4      | Found a staircase to the Ecumenical Temple.
  2347 | D:4      | Noticed a slave
  2347 | D:4      | Noticed a slave
  2362 | D:4      | Killed a slave
  2383 | D:4      | Killed a slave
  2489 | D:4      | Noticed Pikel
  2490 | D:4      | Noticed a slave
  2506 | D:4      | Noticed a slave
  2510 | D:4      | Killed a slave
  2535 | D:4      | Killed a slave
  2719 | D:4      | Got a shimmering scale mail
  2736 | D:4      | Identified the +5 scale mail of Popliuza {Contam Slay+3 SInv} (You found it on level 4 of the Dungeon)
  2782 | D:4      | Killed Pikel
  2782 | D:4      | Acquired Makhleb's first power
  2782 | D:4      | Reached skill level 6 in Necromancy
  2782 | D:4      | Reached XP level 6. HP: 43/52 MP: 9/9
  2782 | D:4      | Reached XP level 7. HP: 49/60 MP: 10/10
  3021 | D:4      | Noticed Menkaure
  3033 | D:4      | Killed Menkaure
  3033 | D:4      | Reached skill level 5 in Armour
  3233 | D:5      | Entered Level 5 of the Dungeon
  3313 | D:5      | Found Hufylogu's Magic Scroll Emporium.
  3327 | D:5      | Learned a level 3 spell: Recall
  3826 | D:5      | Reached XP level 8. HP: 58/67 MP: 1/12
  4008 | D:5      | Reached skill level 5 in Polearms
  4321 | D:6      | Found a snail-covered altar of Cheibriados.
  4323 | D:6      | Found an iron altar of Okawaru.
  4323 | D:6      | Found a shattered altar of Ashenzari.
  4324 | D:6      | Found a glowing golden altar of the Shining One.
  4364 | D:6      | Reached skill level 7 in Necromancy
  4375 | D:6      | Acquired Makhleb's second power
  4398 | D:6      | Found a radiant altar of Vehumet.
  4620 | D:6      | Reached skill level 1 in Summonings
  5462 | D:7      | Gained mutation: You passively map the area around you. [level up]
  5462 | D:7      | Reached XP level 9. HP: 59/78 MP: 6/13
  5520 | D:7      | Acquired Makhleb's third power
  6392 | D:8      | Noticed Herrn's ghost (experienced GrHu)
  6599 | D:8      | Reached skill level 5 in Fighting
  6738 | D:8      | Acquired Makhleb's fourth power
  6913 | D:8      | Noticed a griffon
  6926 | D:8      | Killed a griffon
  6926 | D:8      | Reached skill level 8 in Polearms
  6926 | D:8      | Reached XP level 10. HP: 88/92 MP: 4/14
  7093 | D:8      | Killed Herrn's ghost
  7667 | D:9      | Found an opulent altar of Gozag.
  7848 | D:9      | Reached skill level 1 in Invocations
  8151 | D:10     | Entered Level 10 of the Dungeon
  8153 | D:10     | Noticed a hill giant
  8164 | D:10     | Killed a hill giant
  8164 | D:10     | Reached skill level 9 in Polearms
  8164 | D:10     | Reached skill level 5 in Summonings
  8190 | D:10     | Noticed catsarecewl's ghost (experienced OpMo)
  8190 | D:10     | Acquired Makhleb's fifth power
  8253 | D:10     | Noticed Eustachio
  8414 | D:10     | Killed Eustachio
  8452 | D:10     | Killed catsarecewl's ghost
  8452 | D:10     | Reached skill level 5 in Invocations
  8500 | D:10     | Learned a level 4 spell: Animate Dead
  8575 | D:10     | Found a staircase to the Lair.
  8673 | D:10     | Upgraded the game from 0.16-a0-3962-g290d66c to 0.16-a0-3972-g91ea21f
  8690 | D:10     | Reached XP level 11. HP: 32/100 MP: 17/21
  9191 | D:10     | Reached skill level 10 in Polearms
  9233 | Lair:1   | Entered Level 1 of the Lair of Beasts
  9792 | Lair:1   | Gained mutation: Your system is resistant to poisons. [potion of mutation]
  9792 | Lair:1   | Gained mutation: Your spells are a little easier to cast, but a little less powerful. [potion of mutation]
  9792 | Lair:1   | Gained mutation: You have sharp fingernails. [potion of mutation]
  9793 | Lair:1   | Gained mutation: Your body is slowly deteriorating. [potion of mutation]
  9793 | Lair:1   | Gained mutation: You possess an exceptional clarity of mind. [potion of mutation]
  9794 | Lair:1   | Gained mutation: Armour fits poorly on your strangely shaped body. [potion of mutation]
 11037 | Lair:2   | Identified Lehudib's Catalogue of Scorching Blows and Bruises
 11206 | Lair:3   | HP: 3/100 [spiny frog (6)]
 11365 | Lair:3   | Reached skill level 11 in Polearms
 11658 | Lair:3   | Reached skill level 10 in Invocations
 11830 | Lair:3   | Noticed an eight-headed hydra
 11836 | Lair:3   | Killed an eight-headed hydra
 12055 | Lair:3   | Reached XP level 12. HP: 97/109 MP: 25/25
 12312 | Lair:3   | Learned a level 5 spell: Fireball
 13917 | Lair:5   | Noticed a seven-headed hydra
 13925 | Lair:5   | Slain by an eight-headed hydra

Action                   |  1- 3 |  4- 6 |  7- 9 | 10-12 || total
-------------------------+-------+-------+-------+-------++-------
Melee: Unarmed           |   108 |     7 |       |       ||   115
       Dagger            |    29 |     5 |       |       ||    34
       Spear             |    43 |       |       |       ||    43
       Trident           |    50 |   162 |   269 |       ||   481
       Halberd           |       |       |    37 |     6 ||    43
       Glaive            |       |       |   113 |   678 ||   791
 Fire: Blowgun           |       |       |       |     4 ||     4
Throw: Tomahawk          |       |       |     2 |     3 ||     5
       Javelin           |       |       |       |     1 ||     1
 Cast: Pain              |    17 |       |     6 |       ||    23
       Vampiric Draining |     7 |    15 |    48 |   116 ||   186
       Animate Skeleton  |     5 |    10 |    28 |    25 ||    68
       Animate Dead      |       |       |       |    19 ||    19
Invok: Greater Servant o |       |       |       |     2 ||     2
Evoke: Wand              |     2 |     2 |     1 |     4 ||     9
  Use: Scroll            |     6 |     4 |     6 |    13 ||    29
       Potion            |       |       |     1 |     4 ||     5
 Stab: Sleeping          |     1 |       |       |       ||     1
       Distracted        |     1 |     1 |     3 |     6 ||    11
       Fleeing           |       |       |       |     1 ||     1
  Eat: Chunk             |     3 |     8 |    17 |    43 ||    71
       Meat ration       |       |       |     1 |       ||     1
       Pizza             |       |       |     1 |       ||     1
